 Dungeon Crawl Stone Soup version 0.20-a0-795-ga03948b (webtiles) character file.

21 Alarkh the Skirmisher (level 2, -6/24 HPs)
             Began as a Demonspawn Abyssal Knight on Mar 2, 2017.
             Was a Follower of Lugonu.
             Mangled by a gnoll
             ... wielding a +0 halberd
              (8 damage)
             ... on level 1 of the Dungeon.
             The game lasted 00:01:17 (939 turns).

Alarkh the Skirmisher (Demonspawn Abyssal Knight)    Turns: 939, Time: 00:01:18

Health: -6/24      AC:  3    Str: 12    XL:     2   Next: 65%
Magic:  4/4        EV: 11    Int: 13    God:    Lugonu [*.....]
Gold:   46         SH:  0    Dex: 12    Spells: 1/1 levels left

rFire    + . .     SeeInvis .   a - +0 scimitar
rCold    + . .     Gourm    .   b - +0 leather armour
rNeg     . . .     Faith    .   (no shield)
rPois    +         Spirit   .   (no helmet)
rElec    +         Reflect  .   (no cloak)
rCorr    +         Harm     .   (no gloves)
MR       .....                  (no boots)
Stlth    +.........             (no amulet)
Regen    0.1/turn               (no ring)
MPRegen  0.1/turn               (no ring)

@: resistant
A: powered by death 1
a: Depart the Abyss, Renounce Religion


You were on level 1 of the Dungeon.
You worshipped Lugonu.
Lugonu was aware of your devotion.
You were not hungry.

You visited 1 branch of the dungeon, and saw 1 of its levels.
You visited the Abyss 1 time.

You collected 46 gold pieces.

Inventory:

Hand Weapons
 a - a +0 scimitar (weapon)
 i - a +1 falchion
Armour
 b - a +0 leather armour (worn)
Scrolls
 d - 2 scrolls of enchant weapon {unknown}
 e - 2 scrolls of fog {unknown}
 f - a scroll of remove curse {unknown}
 h - a scroll of identify {unknown}
 l - 2 scrolls of amnesia {unknown}
Books
 g - the Incunabulum of the Oath
   (You found it on level 2 of the Abyss)

   Spells                             Type                      Level
   a - Fulminant Prism                Conjuration/Hexes            4
   b - Silence                        Hexes/Air                    5
   c - Summon Mana Viper              Hexes/Summoning              5
Comestibles
 c - a bread ration
 k - 5 chunks of flesh


   Skills:
 + Level 3.2 Fighting
 * Level 2.1 Long Blades
 + Level 1.9 Armour
 + Level 1.1 Dodging
 + Level 2.9 Invocations


You had one spell level left.
You didn't know any spells.

Dungeon Overview and Level Annotations

Branches:
Dungeon (1/15)

Altars:


Innate Abilities, Weirdness & Mutations

You regenerate a little health from kills.


Message History

The gnoll barely misses you.
You closely miss the gnoll. The gnoll hits you with a halberd!
Ouch! That really hurt!
You are too injured to fight recklessly!
You are too injured to fight recklessly!
You are too injured to fight recklessly!
You are too injured to fight recklessly!
You are too injured to fight recklessly!
You are too injured to fight recklessly!
You are too injured to fight recklessly!
You are too injured to fight recklessly!
You are too injured to fight recklessly!
A gnoll is nearby!
A gnoll is nearby!
It was a potion of resistance.
You feel protected. The gnoll hits you with a halberd!
* * * LOW HITPOINT WARNING * * *
The gnoll hits you from afar with a halberd!
You die...

#.#..).........# ...
####..............#
..
#..................#
#
#........#######...#
#........# ...#
#........# ...# #
#........# . ##
#........# ... ##.
#.....@..###....
##..
#.....†........#
##..#
#.......g......#
##..##
#######........#
#..##
#........###.## #
#........##..# ##
#........##.####.
#......%.#..###..
#........#.###...


You could see a gnoll.

Vanquished Creatures
  A dart slug (D:1)
  A bat (D:1)
  2 giant cockroaches (D:1)
  2 goblins (D:1)
  2 hobgoblins (D:1)
  4 kobolds (D:1)
  3 frilled lizards (D:1)
  2 rats (D:1)
17 creatures vanquished.

Notes
Turn   | Place    | Note
-------+----------+-------------------------------------------
     0 | Abyss:1  | Alarkh the Demonspawn Abyssal Knight began the quest for the Orb.
     0 | Abyss:1  | Reached XP level 1. HP: 18/18 MP: 2/2
     5 | Abyss:2  | Found a corrupted altar of Lugonu.
    20 | Abyss:2  | Noticed a wight
    21 | Abyss:2  | Noticed a wight
    22 | Abyss:2  | Noticed a wight
    36 | Abyss:2  | Identified the Incunabulum of the Oath
    42 | Abyss:2  | Noticed a frost giant skeleton
    49 | Abyss:2  | Found an ancient bone altar of Kikubaaqudgha.
    61 | Abyss:2  | Noticed an ancient zyme
    80 | Abyss:2  | Noticed a rakshasa
    82 | D:1      | Escaped the Abyss
   318 | D:1      | Reached skill level 1 in Dodging
   501 | D:1      | Reached * piety under Lugonu
   572 | D:1      | Gained mutation: You regenerate a little health from kills. [demonic ancestry]
   572 | D:1      | Reached XP level 2. HP: 16/24 MP: 4/4
   937 | D:1      | HP: 1/24 [gnoll/halberd (8)]
   939 | D:1      | Mangled by a gnoll

Vault maps used:
D:1:      dpeg_arrival_central, grunt_decor_cap
Abyss:1:  evilmike_abyss_exit_kraken, evilmike_abyss_exit_16

Skill      XL: |  1 |
---------------+----+-----
Dodging        | 1 |  1.1
Long Blades    | 2 |  2.1
Fighting       | |  3.2
Armour         | |  1.9
Invocations    | |  2.9

Action                   || total
-------------------------++-------
Melee: Scimitar          ||    47
Invok: Depart the Abyss  ||     1
  Use: Potion            ||     1
Armor: Leather armour    ||    14
Dodge: Dodged            ||    31
       Rpst.: Scimitar   ||    10
